 Dungeon Crawl Stone Soup version 0.26.1-11-gd32895ea62 (webtiles) character file.

Game seed: 14393605580232723844

22554 infcreate the Geomancer (level 13, -9/82 HPs)
             Began as a Gargoyle Earth Elementalist on May 19, 2021.
             Was an Initiate of Gozag.
             Mangled by a boulder beetle (33 damage)
             ... on level 2 of the Lair of Beasts.
             The game lasted 01:21:19 (16043 turns).

infcreate the Geomancer (GrEE)                     Turns: 16043, Time: 01:21:20

Health: -9/82      AC: 20    Str: 25    XL:     13   Next: 1%
Magic:  18/25      EV: 12    Int: 15    God:    Gozag
Gold:   2925       SH:  5    Dex: 15    Spells: 10/29 levels left

rFire    . . .     SeeInvis +   w - +9 mace (vorpal)
rCold    . . .     Faith    .   d - +0 buckler
rNeg     + . .     Spirit   .   m - +2 steam dragon scales
rPois    ∞         Reflect  .   (no helmet)
rElec    +         Harm     .   n - scarf {shadows}
rCorr    .         Rampage  .   (no gloves)
Will     .....                  y - +0 pair of boots
Stlth    ++........             A - amulet of the acrobat
HPRegen  0.23/turn              S - +6 ring of strength
MPRegen  0.19/turn              i - ring "Ywouluts" {Str+4 Int-2 Dex+4 SInv}

@: no status effects
A: negative energy resistance 1, electricity resistance, unbreathing,
petrification resistance, miasma immunity, AC +9
a: Renounce Religion, Potion Petition, Call Merchant, Bribe Branch


You were on level 2 of the Lair of Beasts.
You worshipped Gozag.
Gozag was most pleased with you.
You visited 2 branches of the dungeon, and saw 13 of its levels.

You collected 2967 gold pieces.
You paid 42 gold pieces to Gozag.


Innate Abilities, Weirdness & Mutations

You are resistant to torment.
Your stone body is resilient. (AC +9)
You are immune to poison.
You resist negative energy. (rN+)
You are resistant to electric shocks. (rElec)
You can survive without breathing.
You are immune to petrification.
You are immune to miasma.


   Skills:
 + Level 10.2 Fighting
 + Level 9.3 Maces & Flails
 + Level 10.2 Armour
 - Level 1.5 Dodging
 - Level 2.1 Stealth
 + Level 5.0 Shields
 + Level 8.9 Spellcasting
 - Level 0.7 Transmutations
 + Level 11.8 Earth Magic


You had 10 spell levels left.
You knew the following spells:

 Your Spells              Type           Power        Failure   Level
a - Passwall              Tmut/Erth      10%          1%          2
e - Leda's Liquefaction   Hex/Erth       6%           10%         4
l - Lee's Rapid Deconstr  Erth           10%          2%          5
p - Petrify               Tmut/Erth      12%          9%          4
w - Stone Arrow           Conj/Erth      24%          3%          3
z - Sandblast             Erth           42%          1%          1

Your spell library contained the following spells:

 Spells                   Type           Power        Failure   Level
 Magic Dart               Conj           12%          11%         1
 Shock                    Conj/Air       12%          11%         1
 Summon Small Mammal      Summ           12%          11%         1
 Blink                    Tloc           N/A          17%         2
 Call Imp                 Summ           3%           17%         2
 Slow                     Hex            3%           17%         2
 Call Canine Familiar     Summ           3%           32%         3
 Conjure Flame            Conj/Fire      3%           32%         3
 Mephitic Cloud           Conj/Pois/Air  3%           32%         3
 Summon Guardian Golem    Hex/Summ       3%           32%         3
 Bolt of Magma            Conj/Fire/Erth 4%           52%         5
 Summon Ice Beast         Ice/Summ       3%           73%         4
 Summon Lightning Spire   Summ/Air       3%           73%         4
 Iron Shot                Conj/Erth      6%           83%         6
 Lightning Bolt           Conj/Air       1%           97%         5
 Silence                  Hex/Air        1%           97%         5
 Shatter                  Erth           10%          100%        9
 Tornado                  Air            1%           100%        9
 Statue Form              Tmut/Erth      Unusable     N/A         6

Inventory:

Hand Weapons
 w - a +9 vorpal mace (weapon)
 D - a +3 flail
Missiles
 b - 330 stones
 g - 4 throwing nets {=f}
Armour
 d - a +0 buckler (worn)
 m - +2 steam dragon scales (worn)
 n - a scarf of shadows (worn)
 y - a +0 pair of boots (worn)
 E - a +0 kite shield
 J - a scarf of repulsion
Jewellery
 i - the ring "Ywouluts" (right hand) {Str+4 Int-2 Dex+4 SInv}
   (You found it on level 9 of the Dungeon)

   [ring of see invisible]

   It affects your strength (+4).
   It affects your intelligence (-2).
   It affects your dexterity (+4).
   It lets you see invisible.
 A - an amulet of the acrobat (around neck)
 F - a cursed ring of attention {unknown}
 N - an uncursed ring of positive energy
 O - a +4 ring of protection
 S - a +6 ring of strength (left hand)
Wands
 h - a wand of enslavement (9)
 k - a wand of iceblast (3)
 z - a wand of polymorph (9)
 I - a wand of flame (23)
Scrolls
 f - 14 scrolls of remove curse {@r2}
 j - 3 scrolls of teleportation {@r4}
 q - 2 scrolls of amnesia
 r - 4 scrolls of magic mapping
 t - a scroll of holy word
 G - a scroll of fog
 H - 3 scrolls of identify {@r1}
 K - a scroll of blinking
Potions
 a - 5 potions of brilliance
 c - 5 potions of curing {@q1}
 e - 2 potions of resistance
 l - 3 potions of might
 o - 2 potions of cancellation
 p - 5 potions of flight
 s - 2 potions of heal wounds {@q2}
 u - a potion of lignification {unknown}
 v - a potion of attraction {unknown}
 x - 2 potions of mutation {unknown}
 B - 3 potions of haste {@q3}
 C - a potion of berserk rage {unknown}
 L - a potion of ambrosia {unknown}

Dungeon Overview and Level Annotations

Branches:
Dungeon (11/15)            Temple (0/1) D:5            Lair (2/6) D:8
  Swamp: Lair:2-4    Shoals: Lair:2-4     Snake: Lair:2-4    Spider: Lair:2-4
    Orc: D:9-12

Altars:
Ashenzari
Dithmenos
Elyvilon
Gozag
Hepliaklqana
Kikubaaqudgha
Makhleb
Nemelex Xobeh
Okawaru
Qazlal
Sif Muna
Wu Jian

Shops:
D:8

[
............)...................
...................####....#P.#.
...................## ##...###..
.)..................# ##...###P.
...................####.....###.
.............○.....# #.#...## #.
..............○....# ###...P###.
...............B...####....###..
...............@....#P.#...P##..
.....[..........................
...............>.......<........
.##.####...P.............####.#.
## #...............>.P# #..
#.................## ##.
##[P..............### #..
#..................P###..
#.#................P......


You could see a boulder beetle.


Message History

Confirm with . or Enter, or press ? or * to list all spells.
You can't see any susceptible monsters within range! (Use Z to cast anyway.)
Casting: Sandblast (safe; 1% risk of failure)
Confirm with . or Enter, or press ? or * to list all spells.
Aiming: Stone Arrow (mildly dangerous; 3% risk of failure)
Press: ? - help, Shift-Dir - straight line, f/p - boulder beetle
Aim: a boulder beetle (almost dead, 0% to evade)
You feel a numb sensation.
The stone arrow hits the boulder beetle but does no damage.
The boulder beetle is almost dead.
Casting: Stone Arrow (mildly dangerous; 3% risk of failure)
Confirm with . or Enter, or press ? or * to list all spells.
Aiming: Sandblast (safe; 1% risk of failure)
Press: ? - help, Shift-Dir - straight line, f/p - boulder beetle
Aim: a boulder beetle (almost dead, 0% to evade)
You feel a numb sensation.
The blast of sand hits the boulder beetle but does no damage.
The boulder beetle is almost dead.
The boulder beetle curls into a ball and begins rolling!
Casting: Sandblast (safe; 1% risk of failure)
Confirm with . or Enter, or press ? or * to list all spells.
Aiming: Sandblast (safe; 1% risk of failure)
Press: ? - help, Shift-Dir - straight line, f/p - boulder beetle
Aim: a boulder beetle (almost dead, 0% to evade)
You feel a numb sensation.
The blast of sand hits the boulder beetle but does no damage.
The boulder beetle is almost dead.
The boulder beetle hits you!!
You die...
Your body crumbles into a pile of gold.

Skill      XL: |  1  2  3  4  5  6  7  8  9 10 11 12 |
---------------+-------------------------------------+-----
Armour         | 1 2 3 4 5 6 7 9 10 | 10.2
Fighting       | 1 2 3 4 5 6 7 9 10 | 10.2
Earth Magic    | 4 5 7 8 9 10 11 | 11.8
Maces & Flails | 1 2 3 4 5 7 8 9 |  9.3
Spellcasting   | 3 4 5 6 8 |  8.9
Shields        | 1 5 |  5.0
Dodging        | |  1.5
Stealth        | |  2.1
Transmutations | |  0.7

Action                   |  1- 3 |  4- 6 |  7- 9 | 10-12 | 13-15 || total
-------------------------+-------+-------+-------+-------+-------++-------
Melee: Club              |    65 |       |       |       |       ||    65
       Unarmed           |     2 |       |       |       |       ||     2
       Whip              |    32 |    22 |       |       |       ||    54
       Mace              |       |   122 |   441 |   681 |    14 ||  1258
 Cast: Sandblast         |    20 |    48 |    31 |    19 |     3 ||   121
       Stone Arrow       |       |     2 |    24 |    58 |     2 ||    86
       Lee's Rapid Decon |       |       |     1 |    19 |       ||    20
       Petrify           |       |       |       |    17 |     1 ||    18
       Leda's Liquefacti |       |       |       |     1 |     1 ||     2
  Use: Scroll            |     1 |     3 |    10 |    22 |       ||    36
 Stab: Sleeping          |     4 |     2 |     6 |     8 |       ||    20
       Distracted        |       |       |     1 |     7 |       ||     8
       Petrified         |       |       |       |    34 |       ||    34
       Petrifying        |       |       |       |     3 |       ||     3
Armor: Leather armour    |    33 |    92 |   226 |       |       ||   351
       Robe              |     3 |       |       |       |       ||     3
       Ring mail         |       |       |    32 |    19 |       ||    51
       Steam dragon scal |       |       |       |   272 |     3 ||   275
Dodge: Dodged            |    71 |   126 |   346 |   367 |     5 ||   915
Block: Buckler           |       |       |       |    62 |     3 ||    65

Levels and vault maps discovered:
D:1:      onia_arrival_pyramid, layout_loops_ring, chequers_mini_garden
D:2:      layout_loops_corners, minmay_unequal
D:3:      layout_rooms, kennysheep_generic_room_3
D:4:      layout_rooms, minitemple
D:5:      corexii_shantytown, layout_basic, minmay_temple_entry_junction_2
D:6:      layout_basic, eino_tiny_chamber
D:7:      layout_basic, uniq_maggie
D:8:      layout_loops_ring, minmay_lair_entry_grove, serial_undead,
          serial_undead_e, serial_undead_b, serial_undead_e, serial_undead_d,
          serial_shops, shop_statue, ebering_dispersal_statue_hall,
          kennysheep_generic_room_14
D:9:      minmay_tri_box, layout_loops_corners, serial_bayou_pond_e,
          serial_bayou_pond_e
D:10:     layout_loops_cross, serial_glass, glass_columns_a, glass_columns_b,
          item_on_display_a, minmay_strange_pillars, feat_on_display,
          feat_on_display, hangedman_tell_no_tales, uniq_harold
D:11:     layout_loops_cross
Lair:1:   layout_loops_ring
Lair:2:   layout_small_grid, lemuel_fruit_fields

Notes
Turn   | Place    | Note
-------+----------+-------------------------------------------
     0 | D:1      | infcreate the Gargoyle Earth Elementalist began the quest
                  | for the Orb.
     0 | D:1      | Reached XP level 1. HP: 10/10 MP: 3/3
   285 | D:1      | Reached XP level 2. HP: 16/16 MP: 5/5
   623 | D:1      | Reached skill level 1 in Armour
   636 | D:1      | Reached skill level 1 in Fighting
   833 | D:2      | Learned a level 2 spell: Passwall
   858 | D:2      | Noticed an ogre
   925 | D:1      | Reached skill level 4 in Earth Magic
   925 | D:1      | Reached XP level 3. HP: 14/20 MP: 4/6
  1390 | D:2      | Reached skill level 1 in Maces & Flails
  1545 | D:2      | Reached XP level 4. HP: 21/25 MP: 5/7
  1549 | D:2      | Learned a level 3 spell: Stone Arrow
  2097 | D:3      | Reached skill level 2 in Fighting
  2097 | D:3      | Reached skill level 2 in Armour
  2097 | D:3      | Reached XP level 5. HP: 30/30 MP: 1/9
  2485 | D:3      | Reached skill level 2 in Maces & Flails
  2502 | D:3      | Reached skill level 3 in Spellcasting
  2661 | D:3      | Reached XP level 6. HP: 36/36 MP: 8/10
  3509 | D:4      | Reached skill level 5 in Earth Magic
  3532 | D:4      | Noticed a phantom
  3547 | D:4      | Reached skill level 3 in Fighting
  3554 | D:4      | Reached skill level 3 in Armour
  3561 | D:4      | Found an opulent altar of Gozag.
  3565 | D:4      | Found a broken altar of Ashenzari.
  3566 | D:4      | Found a shadowy altar of Dithmenos.
  3566 | D:4      | Found an iron altar of Okawaru.
  3566 | D:4      | Found a shimmering blue altar of Sif Muna.
  3566 | D:4      | Found a white marble altar of Elyvilon.
  3567 | D:4      | Found an ornate altar of the Wu Jian Council.
  3567 | D:4      | Found a hazy altar of Hepliaklqana.
  3574 | D:4      | Found an ancient bone altar of Kikubaaqudgha.
  3575 | D:4      | Found a burning altar of Makhleb.
  3576 | D:4      | Found a sparkling altar of Nemelex Xobeh.
  3577 | D:4      | Found a stormy altar of Qazlal.
  3594 | D:4      | Killed a phantom
  3595 | D:4      | Reached XP level 7. HP: 23/41 MP: 3/12
  3600 | D:4      | Learned a level 4 spell: Petrify
  3603 | D:4      | Became a worshipper of Gozag Ym Sagoz the Greedy
  3925 | D:4      | Reached skill level 3 in Maces & Flails
  4297 | D:5      | Entered Level 5 of the Dungeon
  4576 | D:5      | Reached skill level 4 in Fighting
  4639 | D:5      | Found a staircase to the Ecumenical Temple.
  4647 | D:5      | Reached skill level 4 in Armour
  4647 | D:5      | Reached skill level 4 in Spellcasting
  4647 | D:5      | Reached XP level 8. HP: 48/48 MP: 12/14
  4664 | D:5      | Reached skill level 6 in Earth Magic
  5223 | D:6      | Learned a level 5 spell: Lee's Rapid Deconstruction
  5353 | D:6      | Reached skill level 4 in Maces & Flails
  5741 | D:6      | Reached skill level 5 in Fighting
  5756 | D:6      | Reached skill level 5 in Armour
  5780 | D:6      | Reached skill level 7 in Earth Magic
  5780 | D:6      | Reached XP level 9. HP: 44/54 MP: 1/16
  5946 | D:6      | Reached skill level 5 in Spellcasting
  6289 | D:7      | Noticed Maggie
  6351 | D:7      | Reached skill level 5 in Maces & Flails
  6733 | D:7      | Reached skill level 6 in Fighting
  6845 | D:7      | Reached skill level 6 in Armour
  7405 | D:7      | Identified the Almanac of Air
  7720 | D:8      | Reached skill level 8 in Earth Magic
  7833 | D:8      | Reached XP level 10. HP: 61/61 MP: 18/18
  7879 | D:8      | Reached skill level 6 in Maces & Flails
  7945 | D:8      | Reached skill level 6 in Spellcasting
  7986 | D:8      | Noticed a two-headed ogre
  8137 | D:7      | Killed Maggie
  8366 | D:8      | Killed a two-headed ogre
  8367 | D:8      | Reached skill level 7 in Fighting
  8367 | D:8      | Reached skill level 7 in Armour
  8513 | D:8      | Noticed a two-headed ogre
  8574 | D:8      | Found Qiokk's Antique Armour Emporium.
  8614 | D:8      | Reached skill level 9 in Earth Magic
  8639 | D:8      | Found a staircase to the Lair.
  8788 | D:8      | Reached skill level 7 in Maces & Flails
  9002 | D:8      | Reached XP level 11. HP: 48/68 MP: 4/21
  9004 | D:8      | Reached skill level 8 in Fighting
  9004 | D:8      | Reached skill level 7 in Spellcasting
  9051 | D:8      | Reached skill level 8 in Armour
 10694 | D:9      | Got a heavily runed marble ring
 10701 | D:9      | Identified 2 potions of resistance
 10706 | D:9      | Identified the ring "Ywouluts" {Str+4 Int-2 Dex+4 SInv}
                  | (You found it on level 9 of the Dungeon)
 10883 | D:9      | Reached skill level 10 in Earth Magic
 11026 | D:10     | Entered Level 10 of the Dungeon
 11084 | D:10     | Noticed an unseen horror
 11170 | D:10     | Killed an unseen horror
 11419 | D:10     | Noticed Harold
 11453 | D:10     | Noticed a tengu warrior
 11454 | D:10     | Killed Harold
 11455 | D:10     | Reached skill level 8 in Maces & Flails
 11459 | D:10     | Noticed a tengu warrior
 11593 | D:9      | Killed a tengu warrior
 12413 | D:10     | Reached skill level 9 in Fighting
 12413 | D:10     | Reached skill level 9 in Armour
 12549 | D:10     | Reached skill level 1 in Shields
 12611 | D:10     | Noticed a two-headed ogre
 12627 | D:10     | Killed a two-headed ogre
 12628 | D:10     | Reached skill level 8 in Spellcasting
 12628 | D:10     | Reached XP level 12. HP: 56/76 MP: 5/24
 13063 | D:8      | Killed a two-headed ogre
 13064 | D:8      | Reached skill level 2 in Shields
 13153 | D:11     | Noticed a six-headed hydra
 13283 | D:11     | Killed a six-headed hydra
 13354 | D:11     | Reached skill level 11 in Earth Magic
 13641 | D:11     | Reached skill level 3 in Shields
 14431 | Lair:1   | Entered Level 1 of the Lair of Beasts
 14587 | Lair:1   | Reached skill level 9 in Maces & Flails
 14720 | Lair:1   | Noticed a five-headed hydra
 14726 | Lair:1   | Reached skill level 4 in Shields
 14747 | Lair:1   | Killed a five-headed hydra
 14961 | Lair:1   | Reached skill level 10 in Fighting
 14967 | Lair:1   | Reached skill level 10 in Armour
 15484 | Lair:2   | Learned a level 4 spell: Leda's Liquefaction
 15570 | Lair:2   | Noticed an eight-headed hydra
 15582 | Lair:2   | Killed an eight-headed hydra
 15878 | Lair:2   | Reached skill level 5 in Shields
 15878 | Lair:2   | Reached XP level 13. HP: 72/82 MP: 25/25
 16043 | Lair:2   | Mangled by a boulder beetle

Vanquished Creatures
  Harold (D:10)
  3 hydras
  3 two-headed ogres
  A tengu warrior (D:9)
  An unseen horror (D:10)
  An ugly thing (D:11)
  3 cane toads
  Maggie (D:7)
  A gargoyle (D:9)
  2 komodo dragons (Lair:1)
  A hornet (D:11)
  2 trolls
  A meliai zombie (D:10)
  3 blink frogs (Lair:2)
  A shadow (D:11)
  A wraith (D:9)
  32 yaks
  5 wyverns
  A basilisk (D:9)
  An acid dragon (D:11)
  5 water moccasins
  3 orc warriors
  5 ice beasts
  2 black bears (D:8)
  2 phantoms
  3 eyes of draining
  8 necrophages
  4 centaurs
  6 ogres
  A big kobold (D:10)
  10 bullfrogs
  A wyvern skeleton (D:6)
  A water moccasin zombie (D:5)
  A scorpion (D:7)
  A water moccasin skeleton (D:9)
  11 killer bees
  A troll skeleton (D:10)
  2 howler monkeys
  13 wights
  5 spriggan skeletons (D:10)
  2 centaur skeletons
  A bullfrog zombie (D:7)
  A centaur zombie (D:9)
  6 orc priests
  A gnoll shaman (D:4)
  5 hounds
  A jelly (D:6)
  6 orc wizards
  4 iguanas
  7 worker ants
  2 hound skeletons
  2 hound zombies
  5 worker ant zombies
  10 gnolls
  A howler monkey skeleton (D:4)
  13 adders
  A shadow imp (D:9)
  2 white imps
  2 ufetubi
  An ooze (D:6)
  An adder zombie (D:8)
  3 worms
  A dart slug (D:1)
  5 leopard geckos
  37 orcs
  3 giant cockroaches
  14 goblins
  15 hobgoblins
  6 jackals
  6 quokkas
  3 ball pythons
  9 bats
  3 frilled lizards
  A jackal skeleton (D:4)
  18 kobolds
  3 rats
351 creatures vanquished.

Vanquished Creatures (others)
  A bush (Lair:2)
  7 fungi
  22 plants
  7 withered plants (D:8)
37 creatures vanquished.

Grand Total: 388 creatures vanquished

Table legend: (Time is in decaauts)
 A = Elapsed time spent in this place.
 B = Non-inter-level travel time spent in this place.
 C = Inter-level travel time spent in this place.
 D = Time resting spent in this place.
 E = Time spent auto-exploring this place.
 F = Levels seen in this place.
 G = Mean time per level.
                   A        B        C        D        E       F      G
               +--------+--------+--------+--------+--------+-----+--------+
         Total |  16189 |  13165 |   3024 |   3668 |      0 |  13 | 1245.3 |
       Dungeon |  14585 |  11666 |   2919 |   3284 |      0 |  11 | 1325.9 |
          Lair |   1604 |   1499 |    105 |    384 |      0 |   2 |  802.0 |
               +--------+--------+--------+--------+--------+-----+--------+

Top non-repeatable levels by time:
     D:9: 2376 daAuts
     D:7: 1762 daAuts
     D:2: 1759 daAuts
     D:8: 1655 daAuts
    D:10: 1395 daAuts
     D:6: 1190 daAuts
    D:11: 983 daAuts
  Lair:1: 982 daAuts
     D:3: 929 daAuts
     D:1: 921 daAuts
     D:5: 850 daAuts
     D:4: 761 daAuts
  Lair:2: 621 daAuts

Table legend:
 A = Non-vault XP
 B = Vault XP
 C = Vault XP percentage of total XP
 D = Non-vault monster count
 E = Vault monster count
 F = Vault count percentage of total count
                 A         B        C        D         E       F
            +---------+---------+-------+---------+---------+-------
      Total |   25089 |    7132 |  22.1 |     277 |      74 |  21.1
            +---------+---------+-------+---------+---------+-------
        D:1 |      32 |      13 |  28.9 |      17 |       1 |   5.6
        D:2 |     176 |      17 |   8.8 |      21 |       3 |  12.5
        D:3 |     232 |       4 |   1.7 |      27 |       2 |   6.9
        D:4 |     429 |       0 |   0.0 |      19 |       0 |   0.0
        D:5 |     452 |     102 |  18.4 |      15 |      27 |  64.3
        D:6 |    1125 |       0 |   0.0 |      21 |       0 |   0.0
        D:7 |    1401 |     424 |  23.2 |      24 |       1 |   4.0
        D:8 |    3214 |    3162 |  49.6 |      30 |      23 |  43.4
        D:9 |    1414 |    1414 |  50.0 |      12 |       9 |  42.9
       D:10 |    3839 |    1996 |  34.2 |      32 |       8 |  20.0
       D:11 |    5024 |       0 |   0.0 |      33 |       0 |   0.0
     Lair:1 |    5611 |       0 |   0.0 |      21 |       0 |   0.0
     Lair:2 |    2140 |       0 |   0.0 |       5 |       0 |   0.0
            +---------+---------+-------+---------+---------+-------
